 Dungeon Crawl Stone Soup version 0.26.1-2-gb8aa6d0cf2 (webtiles) character file.

Game seed: 11021243087454568191

89 H0rd4k the Charlatan (level 4, 0/32 HPs)
             Began as a Human Artificer on Feb 10, 2021.
             Slain by an adder (3 damage)
             ... on level 3 of the Dungeon.
             The game lasted 00:03:30 (2184 turns).

H0rd4k the Charlatan (Human Artificer)              Turns: 2184, Time: 00:03:31

Health: 0/32       AC:  3    Str: 13    XL:     4   Next: 84%
Magic:  4/4        EV: 12    Int: 12    God:
Gold:   122        SH:  0    Dex: 13    Spells: 3/3 levels left

rFire    . . .     SeeInvis .   x - +0 short sword (venom)
rCold    . . .     Faith    .   (no shield)
rNeg     . . .     Spirit   .   b - +0 leather armour
rPois    .         Reflect  .   (no helmet)
rElec    .         Harm     .   (no cloak)
rCorr    .         Rampage  .   (no gloves)
Will     .....                  (no boots)
Stlth    ++........             k - amulet of regeneration
HPRegen  0.50/turn              (no ring)
MPRegen  0.09/turn              (no ring)

@: lethally poisoned (0 -> -2), attractive, flying
A: no striking features
a: no special abilities


You were on level 3 of the Dungeon.
You visited 1 branch of the dungeon, and saw 3 of its levels.

You collected 122 gold pieces.

Inventory:

Hand Weapons
 a - a +0 club
 f - a +0 dagger
 o - a +0 rapier
 q - a +1 hand axe of freezing
 x - a +0 short sword of venom (weapon)
Missiles
 p - 5 javelins
 s - 28 poisoned darts
Armour
 b - a +0 leather armour (worn)
Jewellery
 k - an amulet of regeneration (around neck)
 m - an uncursed ring of resist corrosion {unknown}
Wands
 c - a wand of flame (12) (quivered)
 d - a wand of enslavement (14)
 e - a wand of random effects (15)
Scrolls
 g - 2 scrolls of identify {unknown}
 h - 2 scrolls of magic mapping {unknown}
 j - 2 scrolls of remove curse {unknown}
 t - a scroll of enchant armour {unknown}
 u - a scroll of teleportation {unknown}
 v - a scroll of amnesia {unknown}
 w - a scroll of enchant weapon {unknown}
Potions
 i - a potion of attraction
 l - a potion of haste {unknown}
 n - a potion of flight
 r - a potion of lignification {unknown}


   Skills:
 + Level 1.2 Fighting
 + Level 1.7 Short Blades
 + Level 2.6 Armour
 + Level 1.7 Dodging
 + Level 1.6 Stealth
 + Level 3.7 Evocations


You had 3 spell levels left.
You didn't know any spells.
Your spell library was empty.

Dungeon Overview and Level Annotations

Branches:
Dungeon (3/15)

Altars:


Message History

You closely miss the adder.
You feel sick. The adder closely misses you.
You barely miss the adder.
You feel sick. The adder barely misses you.
You hit the adder.
The adder is moderately wounded.
You feel sick. The adder barely misses you. The adder bites you.
* * * LOW HITPOINT WARNING * * *
You hit the adder.
The adder is poisoned.
The adder is heavily wounded.
You feel sick. The adder bites you.
* * * LOW HITPOINT WARNING * * *
It was a potion of flight.
You feel very buoyant.
You fly up into the air.
* * * LOW HITPOINT WARNING * * *
You feel sick. The adder barely misses you.
It was a potion of attraction.
You feel attractive to monsters.
* * * LOW HITPOINT WARNING * * *
You feel sick. The adder bites you.
You die...

... #....#
#######....#####
...............
#..............
#.##...#.......
#..)....>.....
######........#
#....)....S@..#
#.#####<#....)#
#.#.....#
#.......#
###.##.## #..
... ####.##. .#


You could see an adder (very poisoned).

Vanquished Creatures
  A gnoll (D:3)
  An adder (D:2)
  2 oozes
  3 dart slugs
  A leopard gecko (D:2)
  An orc (D:3)
  A ball python (D:2)
  5 bats
  3 giant cockroaches (D:1)
  4 goblins
  10 hobgoblins
  2 frilled lizards
  13 kobolds
  3 rats
50 creatures vanquished.

Vanquished Creatures (collateral kills)
  A gnoll (D:3)
1 creature vanquished.

Vanquished Creatures (others)
  A gnoll (D:3)
1 creature vanquished.

Grand Total: 52 creatures vanquished

Notes
Turn   | Place    | Note
-------+----------+-------------------------------------------
     0 | D:1      | H0rd4k the Human Artificer began the quest for the Orb.
     0 | D:1      | Reached XP level 1. HP: 15/15 MP: 1/1
   283 | D:1      | Reached XP level 2. HP: 19/21 MP: 2/2
   874 | D:1      | Reached XP level 3. HP: 26/26 MP: 3/3
  1211 | D:2      | Reached skill level 1 in Short Blades
  1258 | D:2      | Found a faded altar of an unknown god.
  1421 | D:2      | Reached XP level 4. HP: 30/32 MP: 4/4
  2184 | D:3      | Slain by an adder

Illustrated notes

Levels and vault maps discovered:
D:1:      minmay_arrival_nine_rooms, layout_rooms
D:2:      layout_loops_ring, chequers_ecumenical_altar_simple,
          kennysheep_generic_room_11
D:3:      layout_basic

Skill      XL: |  1  2  3 |
---------------+----------+-----
Short Blades   | 1 |  1.7
Fighting       | |  1.2
Armour         | |  2.6
Dodging        | |  1.7
Stealth        | |  1.6
Evocations     | |  3.7

Action                   |  1- 3 |  4- 6 || total
-------------------------+-------+-------++-------
Melee: Dagger            |   167 |    84 ||   251
       Club              |     4 |       ||     4
       Short sword       |       |    23 ||    23
Evoke: Wand              |     2 |     9 ||    11
  Use: Potion            |       |     2 ||     2
 Stab: Sleeping          |     2 |     1 ||     3
Armor: Leather armour    |    56 |    16 ||    72
Dodge: Dodged            |   100 |    56 ||   156
